 Dungeon Crawl Stone Soup version 0.27-a0-1200-g94dc6ad4cf (webtiles) character file.

Game seed: 12727083109684588418

168 siradein the Chucker (level 5, 0/50 HPs)
             Began as a Troll Hunter on June 1, 2021.
             Slain by an ufetubus (2 damage)
             ... summoned by Eustachio
             ... on level 5 of the Dungeon.
             The game lasted 00:04:22 (2110 turns).

siradein the Chucker (Troll Hunter)                 Turns: 2110, Time: 00:04:22

Health: 0/50       AC:  5    Str: 21    XL:     5   Next: 23%
Magic:  4/4        EV: 10    Int:  7    God:
Gold:   119        SH:  0    Dex: 10    Spells: 4/4 levels left

rFire    . . .     SeeInvis .     - Unarmed
rCold    . . .     Faith    .   (no shield)
rNeg     . . .     Spirit   .   b - +0 robe
rPois    .         Reflect  .   (helmet restricted)
rElec    .         Harm     .   a - +0 cloak
rCorr    .         Rampage  .   (gloves unavailable)
Will     .....                  (boots unavailable)
Stlth    +.........             (no amulet)
HPRegen  1.16/turn              (no ring)
MPRegen  0.09/turn              (no ring)

@: no status effects
A: large, unfitting armour, claws 3, regeneration 1, shaggy fur 1, tough skin 1
a: no special abilities


You were on level 5 of the Dungeon.
You visited 1 branch of the dungeon, and saw 5 of its levels.

You collected 119 gold pieces.

Inventory:

Hand Weapons
 h - a +0 hunting sling
Missiles
 c - 5 large rocks (quivered)
 d - 2 throwing nets
 f - 145 stones
 g - 24 sling bullets
 j - 38 poisoned darts
 q - 5 javelins
Armour
 a - a +0 cloak (worn)
 b - a +0 robe (worn)
Jewellery
 m - a ring of wizardry
Scrolls
 i - 2 scrolls of blinking {unknown}
 k - a scroll of amnesia {unknown}
 p - a scroll of enchant weapon {unknown}
Potions
 e - a potion of curing {unknown}
 l - a potion of flight {unknown}
 n - a potion of might {unknown}
 o - a potion of berserk rage {unknown}


   Skills:
 + Level 2.4 Fighting
 + Level 4.2 Throwing
 + Level 2.4 Dodging
 + Level 1.3 Stealth
 + Level 2.0 Unarmed Combat


You had 4 spell levels left.
You didn't know any spells.
Your spell library contained the following spells:

 Spells                   Type           Power      Damage    Failure   Level
 Confusing Touch          Hex            0%         N/A       80%         3
 Gell's Gravitas          Tloc           0%         N/A       80%         3
 Petrify                  Tmut/Erth      0%         N/A       99%         4
 Metabolic Englaciation   Hex/Ice        0%         N/A       100%        5
 Yara's Violent Unravell  Hex/Tmut       0%         3d3       100%        5


Dungeon Overview and Level Annotations

Branches:
Dungeon (5/15)
 Temple: D:4-7

Altars:
Gozag
Okawaru

Shops:
D:2 [

Annotations:
D:5 Eustachio


Innate Abilities, Weirdness & Mutations

You are too large for most types of armour.
You have claws for hands.
Your natural rate of healing is unusually fast.
You are covered in fur. (AC +1)
You have tough skin. (AC +1)


Message History

Eustachio is severely wounded.
The ufetubus hits you. The ufetubus barely misses you.
The ufetubus hits you but does no damage.
The ufetubus barely misses you. Eustachio hits you with a +0 rapier!
You closely miss Eustachio.
Eustachio is severely wounded.
The ufetubus hits you but does no damage. x2
The ufetubus barely misses you. x2
The ufetubus hits you but does no damage.
The ufetubus barely misses you. Eustachio closely misses you.
The ufetubus barely misses you. The ufetubus completely misses you.
You scratch Eustachio but do no damage.
Eustachio is severely wounded.
The ufetubus hits you but does no damage.
The ufetubus barely misses you. The ufetubus closely misses you.
The ufetubus hits you. Eustachio hits you with a +0 rapier.
* * * LOW HITPOINT WARNING * * *
You scratch Eustachio but do no damage.
Eustachio is severely wounded.
The ufetubus hits you but does no damage.
The ufetubus completely misses you. The ufetubus hits you.
* * * LOW HITPOINT WARNING * * *
The ufetubus hits you.
* * * LOW HITPOINT WARNING * * *
Eustachio hits you with a +0 rapier.
* * * LOW HITPOINT WARNING * * *
The ufetubus hits you.
* * * LOW HITPOINT WARNING * * *
The ufetubus closely misses you. The ufetubus barely misses you.
The ufetubus hits you but does no damage.
You claw Eustachio!
Eustachio is almost dead.
The ufetubus closely misses you. x2; The ufetubus barely misses you.
The ufetubus closely misses you. Eustachio hits you with a +0 rapier.
* * * LOW HITPOINT WARNING * * *
Unknown command.
You miss Eustachio.
Eustachio is almost dead.
The ufetubus barely misses you. The ufetubus hits you.
You die...

#.# ##.##
#.# #.#
#.##.#
#.#.#
####..###
#.......#
#.###...#
#
#.#5####
#..5@@5#
###.##.#
#.# # #.#
..# ###


You could see Eustachio, a quasit (summoned) and 2 ufetubi.

Vanquished Creatures
  A hound (D:3)
  An orc wizard (D:3)
  A gnoll (D:3)
  An adder (D:3)
  A shadow imp (D:3)
  10 orcs
  3 bats
  5 endoplasms
  6 giant cockroaches
  6 goblins
  10 hobgoblins
  4 jackals (D:3)
  A quokka (D:1)
  5 ball pythons
  3 frilled lizards
  10 kobolds
  4 rats
72 creatures vanquished.

Notes
Turn   | Place    | Note
-------+----------+-------------------------------------------
     0 | D:1      | siradein the Troll Hunter began the quest for the Orb.
     0 | D:1      | Reached XP level 1. HP: 19/19 MP: 0/0
   149 | D:1      | Reached XP level 2. HP: 28/28 MP: 1/1
   768 | D:2      | Reached skill level 1 in Unarmed Combat
   768 | D:2      | Reached XP level 3. HP: 35/35 MP: 2/2
   822 | D:2      | Found a faded altar of an unknown god.
   982 | D:2      | Found Wuurohahu's Armour Boutique.
  1112 | D:2      | Found an opulent altar of Gozag.
  1360 | D:3      | Reached skill level 1 in Stealth
  1476 | D:3      | Reached skill level 4 in Throwing
  1476 | D:3      | Reached XP level 4. HP: 42/42 MP: 3/3
  1816 | D:3      | Reached XP level 5. HP: 48/50 MP: 4/4
  1915 | D:3      | Found an iron altar of Okawaru.
  2063 | D:4      | Noticed an ogre
  2067 | D:5      | Entered Level 5 of the Dungeon
  2088 | D:5      | Noticed Eustachio
  2109 | D:5      | HP: 1/50 [Eustachio/+0 rapier (3)]
  2110 | D:5      | Slain by an ufetubus

Illustrated notes

Levels and vault maps discovered:
D:1:      dpeg_arrival_shrine, layout_basic
D:2:      layout_loops_cross, hellmonk_ecumenical_altar_zigzags, basic_altar,
          serial_shops, shop, guppyfry_early_orc_mine
D:3:      layout_loops_ring, okawaru_altar_gauntlet_db,
          kennysheep_generic_room_11
D:4:      layout_basic, grunt_temple_overflow_growth_and_decay,
          minmay_misc_feat_five, minmay_misc_feat_plants, serial_bayou_ford_a
D:5:      layout_loops_corners, nicolae_ru_the_path_less_chosen, uniq_pikel,
          uniq_eustachio, uniq_grinder

Skill      XL: |  1  2  3  4  5 |
---------------+----------------+-----
Unarmed Combat | 1 2 |  2.0
Fighting       | 2 |  2.4
Dodging        | 2 |  2.4
Stealth        | 1 |  1.3
Throwing       | 4 |  4.2

Action                   |  1- 3 |  4- 6 || total
-------------------------+-------+-------++-------
Melee: Unarmed           |   166 |    86 ||   252
 Stab: Sleeping          |     4 |       ||     4
Armor: Robe              |    65 |    38 ||   103
Dodge: Dodged            |    65 |    61 ||   126

Table legend: (Time is in decaauts)
 A = Elapsed time spent in this place.
 B = Non-inter-level travel time spent in this place.
 C = Inter-level travel time spent in this place.
 D = Time resting spent in this place.
 E = Time spent auto-exploring this place.
 F = Levels seen in this place.
 G = Mean time per level.
                   A        B        C        D        E       F      G
               +--------+--------+--------+--------+--------+-----+--------+
         Total |   2109 |   2022 |     87 |      0 |   1486 |   5 |  421.8 |
       Dungeon |   2109 |   2022 |     87 |      0 |   1486 |   5 |  421.8 |
               +--------+--------+--------+--------+--------+-----+--------+

Top non-repeatable levels by time:
     D:1: 761 daAuts
     D:3: 702 daAuts
     D:2: 582 daAuts
     D:5: 42 daAuts
     D:4: 19 daAuts
